[Event "Titled Tuesday Blitz February 21 Early 2023"]
[White "Papasimakopoulos, Alexandros"]
[Black "Dixit, Nikhil"]
[WhiteFideId "4244125"]
[BlackFideId "5059534"]
[WhiteElo "2401"]
[BlackElo "2257"]
[Result "1-0"]
[Round "08"]
[TimeControl "180+2"]
[Date "2023.02.21"]
[WhiteClock "0:00:08"]
[BlackClock "0:00:13"]

1. d4 g6 2. c4 Nf6 3. Nc3 Bg7 4. Bg5 O-O 5. e3 c5 6. d5 b5 7. cxb5 a6 8. Nf3 axb5 9. Bxb5 Ba6 10. Bxa6 Nxa6 11. O-O d6 12. e4 h6 13. Bf4 Nd7 14. Re1 Qb6 15. Qd2 Kh7 16. e5 dxe5 17. Nxe5 Nxe5 18. Bxe5 Bxe5 19. Rxe5 Ra7 20. Rae1 Qf6 21. Qe2 Rb8 22. g3 Kg7 23. Nb5 Rab7 24. a4 Nb4 25. b3 Rd8 26. Qc4 Rbd7 27. Nc3 Nc2 28. Qxc5 Nxe1 29. Rxe1 Qd6 30. Qd4+ Qf6 31. Qc5 Qd6 32. Qd4+ Qf6 33. Qxf6+ Kxf6 34. b4 Rc8 35. Re3 Rc4 36. b5 Rb4 37. d6 e6 38. a5 Kg7 39. Rd3 Rb3 40. a6 g5 41. b6 Rxb6 42. a7 Ra6 43. Nb5 Ra5 44. Rc3 Rd8 45. Rc5 Ra1+ 46. Kg2 Ra5 47. h4 gxh4 48. gxh4 e5 49. Kg3 Kf6 50. Kg4 h5+ 51. Kf3 Ra4 52. Rc3 Rf4+ 53. Kg2 Ra4 54. Rc7 Rg8+ 55. Kf3 Rf4+ 56. Ke3 Ra4 57. Rb7 Ra8 58. d7 Ke7 59. f3 Rb4 60. Kd3 Rb3+ 61. Kc4 Rb1 62. Kc5 Rc1+ 63. Kb6 e4 64. fxe4 Rd1 65. Rb8 Rxa7 66. Nxa7 Rxd7 67. Nc6+ Ke6 68. Rh8 Rd1 69. Rxh5 Rb1+ 70. Kc7 Rh1 71. Rh8 Kf6 72. e5+ Kg7 73. Re8 Rxh4 74. Re7 Kg6 75. Nd8 Rc4+ 76. Kd7 Rd4+ 77. Ke8 f5 78. Ne6 Re4 79. Nc5 Re1 80. e6 Kf6 81. Rf7+ Kg6 82. e7 Ra1 83. Rf8 Ra7 84. Kd8 Ra8+ 85. Kd7 Ra7+ 86. Kd6 Rxe7 87. Kxe7 Kg5 88. Ke6 f4 89. Ke5 f3 90. Rxf3 Kg4 91. Rf4+ Kg5 92. Ke4 Kh5 93. Kf5 Kh6 94. Kf6 Kh7 95. Kf7 Kh6 96. Ne6 Kh5 97. Kf6 Kh6 98. Rh4# 1-0


[Site "https://www.chess.com"]

[Event "Titled Tuesday Blitz February 21 Early 2023"]
[White "Jakubowski, Krzysztof"]
[Black "Rottenwohrer Suarez, Juan"]
[WhiteFideId "1112848"]
[BlackFideId "32068182"]
[WhiteElo "2486"]
[BlackElo "2265"]
[Result "1-0"]
[Round "08"]
[TimeControl "180+2"]
[Date "2023.02.21"]
[WhiteClock "0:00:13"]
[BlackClock "0:00:02"]

1. e4 c5 2. Nf3 g6 3. d4 cxd4 4. Nxd4 Nc6 5. c4 Nf6 6. Nc3 d6 7. Be2 Nxd4 8. Qxd4 Bg7 9. Be3 O-O 10. Qd2 a5 11. O-O a4 12. f3 Qa5 13. Kh1 Be6 14. Rfc1 Rfc8 15. Nd5 Qxd2 16. Bxd2 Nxd5 17. exd5 Bd7 18. Bc3 Rab8 19. b4 Bxc3 20. Rxc3 b5 21. a3 bxc4 22. Rac1 e6 23. Bxc4 exd5 24. Bxd5 Rxc3 25. Rxc3 Re8 26. Kg1 Re1+ 27. Kf2 Ra1 28. h4 Be6 29. Bxe6 fxe6 30. Ke3 Kf7 31. Kd4 Ra2 32. g3 Rb2 33. Rc7+ Kf6 34. Ra7 Rb3 35. Rxa4 Rxf3 36. b5 Ke7 37. Ra7+ Kd8 38. a4 Rxg3 39. b6 Kc8 40. a5 Rg4+ 41. Kc3 Rxh4 42. a6 Ra4 43. Ra8+ Kd7 44. b7 1-0


[Site "https://www.chess.com"]

[Event "Titled Tuesday Blitz February 21 Early 2023"]
[White "Jaskolka, Tomasz"]
[Black "Howell, David W L"]
[WhiteFideId "1170791"]
[BlackFideId "410608"]
[WhiteElo "2238"]
[BlackElo "2677"]
[Result "0-1"]
[Round "08"]
[TimeControl "180+2"]
[Date "2023.02.21"]
[WhiteClock "0:00:03"]
[BlackClock "0:00:08"]

1. d4 e6 2. c4 d5 3. g3 f5 4. Bg2 Nf6 5. Nf3 c6 6. O-O Bd6 7. b3 Qe7 8. a4 a5 9. Ba3 Na6 10. Bxd6 Qxd6 11. Ne5 O-O 12. Na3 Bd7 13. Nc2 Be8 14. Qd2 Qc7 15. b4 axb4 16. Nxb4 Nd7 17. Nxd7 Bxd7 18. Nxa6 Rxa6 19. c5 e5 20. Rfb1 Rfa8 21. Qb4 Bc8 22. e3 Ra5 23. Ra3 Qe7 24. Rba1 e4 25. h4 g6 26. Bf1 h6 27. Be2 g5 28. hxg5 hxg5 29. Qd2 Kg7 30. Kg2 Be6 31. Qc2 Qc7 32. Rh1 Bf7 33. Bh5 Be6 34. Raa1 f4 35. gxf4 gxf4 36. Rh4 f3+ 37. Kh1 Rh8 38. Rg1+ Kf8 39. Rg5 Qe7 40. Rf4+ Bf7 41. Rgf5 Ke8 42. Rxf7 Rxh5+ 43. Kg1 Qg5+ 44. Kf1 Rh1# 0-1


[Site "https://www.chess.com"]

[Event "Titled Tuesday Blitz February 21 Early 2023"]
[White "Zhigalko, Sergei"]
[Black "Arenas, David"]
[WhiteFideId "13502956"]
[BlackFideId "4403177"]
[WhiteElo "2572"]
[BlackElo "2426"]
[Result "1-0"]
[Round "08"]
[TimeControl "180+2"]
[Date "2023.02.21"]
[WhiteClock "0:00:34"]
[BlackClock "0:00:53"]

1. e4 e5 2. Nf3 Nc6 3. Bc4 Nf6 4. d3 Bc5 5. O-O d6 6. Nbd2 a5 7. c3 Ba7 8. Re1 O-O 9. Nf1 Ne7 10. Ng3 Ng6 11. h3 c6 12. Bb3 d5 13. Bg5 a4 14. Bxa4 h6 15. Be3 Bxe3 16. Rxe3 Qa5 17. Bb3 Be6 18. a3 Rad8 19. Qc2 Qb6 20. Ba2 dxe4 21. dxe4 Bxa2 22. Rxa2 Rfe8 23. Ra1 Nf4 24. Nf5 Kh7 25. g3 Nxh3+ 26. Kg2 Ng5 27. Nxg5+ hxg5 28. Rh1+ Kg8 29. Qc1 g6 30. Rf3 1-0


[Site "https://www.chess.com"]

[Event "Titled Tuesday Blitz February 21 Early 2023"]
[White "Predke, Alexandr"]
[Black "Balla, Tamas-Kristof"]
[WhiteFideId "24107581"]
[BlackFideId "1208497"]
[WhiteElo "2685"]
[BlackElo "2303"]
[Result "1-0"]
[Round "08"]
[TimeControl "180+2"]
[Date "2023.02.21"]
[WhiteClock "0:01:21"]
[BlackClock "0:00:13"]

1. e4 c5 2. Nf3 Nc6 3. Bb5 g6 4. Bxc6 dxc6 5. h3 Bg7 6. d3 e5 7. Be3 b6 8. Qd2 Ne7 9. Bh6 O-O 10. Bxg7 Kxg7 11. Nxe5 f5 12. O-O Be6 13. Qc3 Kg8 14. Nd2 fxe4 15. dxe4 Qc7 16. Ndf3 Rad8 17. Rad1 Rxd1 18. Rxd1 Rd8 19. Re1 Nc8 20. Ng5 Rd6 21. Nxg6 hxg6 22. e5 Qe7 23. exd6 Qxg5 24. Rxe6 Qc1+ 25. Kh2 1-0


[Site "https://www.chess.com"]

[Event "Titled Tuesday Blitz February 21 Early 2023"]
[White "Alinasab, Mobina"]
[Black "Pakleza, Zbigniew"]
[WhiteFideId "12528897"]
[BlackFideId "1119290"]
[WhiteElo "2347"]
[BlackElo "2494"]
[Result "0-1"]
[Round "08"]
[TimeControl "180+2"]
[Date "2023.02.21"]
[WhiteClock "0:00:25"]
[BlackClock "0:00:05"]

1. Nf3 d5 2. g3 Nf6 3. Bg2 Bf5 4. O-O e6 5. d4 Nbd7 6. b3 c6 7. Bb2 Be7 8. c4 O-O 9. Nc3 h6 10. Nd2 Bh7 11. e4 Nb6 12. e5 Ne8 13. c5 Nd7 14. f4 b6 15. b4 Qb8 16. Qc1 Nc7 17. Bh3 Qb7 18. f5 exf5 19. Bxf5 Bxf5 20. Rxf5 Ne6 21. Ne2 a5 22. a3 Rfb8 23. Bc3 Qa6 24. Nf4 Nxf4 25. Rxf4 Bg5 26. Rf3 bxc5 27. bxc5 Nf8 28. h4 Bd8 29. Qc2 Ra7 30. Raf1 Ne6 31. R3f2 a4 32. Nf3 Ba5 33. Bxa5 Qxa5 34. Nh2 Rb3 35. Qd1 Rxg3+ 36. Kh1 Qc3 37. Qh5 Qxd4 38. Rxf7 Rg1+ 39. Rxg1 Rxf7 40. Ng4 Kf8 41. Qg6 Qe4+ 42. Qxe4 dxe4 43. Ne3 Rf3 44. Nc4 Nxc5 45. Rb1 Rb3 46. Rd1 Ke7 47. Rd6 e3 48. Nxe3 Rxe3 49. Rxc6 Rxe5 50. Rc7+ Kf6 51. Rc6+ Kf5 52. Kg2 Kg4 53. Rg6+ Kxh4 54. Rxg7 Rg5+ 0-1


[Site "https://www.chess.com"]

[Event "Titled Tuesday Blitz February 21 Early 2023"]
[White "EREBUNI91"]
[Black "Santos Flores, Alberto"]
[BlackFideId "3601234"]
[WhiteElo "2722"]
[BlackElo "2164"]
[Result "1-0"]
[Round "08"]
[TimeControl "180+2"]
[Date "2023.02.21"]
[WhiteClock "0:00:32"]
[BlackClock "0:00:02"]

1. e4 c5 2. Nc3 Nc6 3. Bb5 g6 4. Bxc6 dxc6 5. d3 Bg7 6. Nge2 Nf6 7. O-O O-O 8. Bd2 Ne8 9. Qc1 e5 10. Bh6 Nc7 11. Bxg7 Kxg7 12. f4 exf4 13. Nxf4 Ne6 14. Nxe6+ Bxe6 15. Qf4 Kg8 16. e5 Qd4+ 17. Qxd4 cxd4 18. Ne4 b6 19. Rf4 Rad8 20. Raf1 h6 21. a3 Kg7 22. Nd6 c5 23. g4 Rd7 24. h4 Re7 25. Kh2 Bd5 26. Re1 Rd8 27. Kg3 Kf8 28. Rf6 Rdd7 29. h5 Re6 30. hxg6 Rdxd6 31. exd6 Rxf6 32. d7 Rd6 33. Re8+ Kg7 34. d8=Q 1-0


[Site "https://www.chess.com"]

[Event "Titled Tuesday Blitz February 21 Early 2023"]
[White "Turzo, Attila"]
[Black "Costachi, Mihnea"]
[WhiteFideId "704954"]
[BlackFideId "1217518"]
[WhiteElo "2279"]
[BlackElo "2476"]
[Result "0-1"]
[Round "08"]
[TimeControl "180+2"]
[Date "2023.02.21"]
[WhiteClock "0:00:02"]
[BlackClock "0:00:39"]

1. d4 c6 2. c4 d5 3. Nc3 Nf6 4. e3 Bf5 5. cxd5 cxd5 6. Qb3 b6 7. Nf3 Nbd7 8. Bb5 e6 9. Ne5 Bd6 10. e4 Bxe4 11. Bg5 Bxe5 12. dxe5 h6 13. Bxf6 gxf6 14. Nxe4 fxe5 15. Bxd7+ Kxd7 16. Qb5+ Ke7 17. Qb4+ Ke8 18. Nd6+ Kf8 19. Nf5+ Kg8 20. Ng3 Qf8 21. Qxf8+ Kxf8 22. Rc1 Ke7 23. Ne2 Kd6 24. Kd2 e4 25. f3 f5 26. fxe4 fxe4 27. Rhf1 Rhf8 28. g3 Ke5 29. Ke3 Rad8 30. Nd4 Kd6 31. Nb5+ Ke5 32. Nd4 Rxf1 33. Rxf1 Rc8 34. Rf2 Rc1 35. Rc2 Re1+ 36. Kf2 Rh1 37. Kg2 Ra1 38. Nc6+ Kd6 39. b4 a6 0-1


[Site "https://www.chess.com"]

[Event "Titled Tuesday Blitz February 21 Early 2023"]
[White "Alex_Sahakyan2006"]
[Black "Kokoszczynski, Jan"]
[BlackFideId "1174460"]
[WhiteElo "2664"]
[BlackElo "2247"]
[Result "0-1"]
[Round "08"]
[TimeControl "180+2"]
[Date "2023.02.21"]
[WhiteClock "0:00:01"]
[BlackClock "0:00:10"]

1. d4 d5 2. c4 c6 3. Bf4 Nf6 4. e3 e6 5. Nc3 Nbd7 6. Nf3 Be7 7. h3 O-O 8. cxd5 exd5 9. Bd3 Re8 10. O-O a5 11. Qc2 Nf8 12. Ne5 h6 13. Bh2 Bd6 14. f4 Ne6 15. g4 c5 16. f5 Ng5 17. Qg2 cxd4 18. exd4 Qb6 19. Kh1 Nge4 20. Nxd5 Nxd5 21. Qxe4 Nf6 22. Qf4 Qxb2 23. Rab1 Qxa2 24. Bc4 Qxc4 25. Nxc4 Bxf4 26. Bxf4 Bd7 27. Ne5 Bc6+ 28. Nxc6 bxc6 29. Rfc1 Re2 30. Rxc6 a4 31. Rcb6 a3 32. Rb8+ Rxb8 33. Rxb8+ Kh7 34. Ra8 a2 35. Bc1 Rc2 36. Bb2 Rxb2 0-1


[Site "https://www.chess.com"]

[Event "Titled Tuesday Blitz February 21 Early 2023"]
[White "Reprintsev, Alexander"]
[Black "Sadubayev, Airat"]
[WhiteFideId "14100541"]
[BlackFideId "13713264"]
[WhiteElo "2253"]
[BlackElo "2320"]
[Result "0-1"]
[Round "08"]
[TimeControl "180+2"]
[Date "2023.02.21"]
[WhiteClock "0:01:19"]
[BlackClock "0:01:28"]

1. e4 c5 2. b3 Nc6 3. Bb2 Nf6 4. e5 Nd5 5. Nf3 d6 6. exd6 Qxd6 7. Na3 Bg4 8. Nc4 Qc7 9. h3 Bh5 10. g4 Bg6 11. Qe2 e6 12. Nfe5 O-O-O 13. O-O-O Nd4 14. Qe1 Nxc2 15. Nxg6 Nxe1 16. Nxh8 Nf3 17. Bg2 Nd4 18. Ne3 Nf4 19. Be4 g6 20. Kb1 Bg7 21. Nxf7 Qxf7 22. Rc1 b6 23. b4 Nde2 24. Rc2 Bxb2 25. Rxb2 Rd4 26. d3 Nc3+ 27. Ka1 Nxe4 28. dxe4 Rxb4 0-1


[Site "https://www.chess.com"]

[Event "Titled Tuesday Blitz February 21 Early 2023"]
[White "Karas, Marek"]
[Black "Belozerov, Andrei"]
[WhiteFideId "14928558"]
[BlackFideId "4120213"]
[WhiteElo "2227"]
[BlackElo "2461"]
[Result "0-1"]
[Round "08"]
[TimeControl "180+2"]
[Date "2023.02.21"]
[WhiteClock "0:01:05"]
[BlackClock "0:01:24"]

1. d4 d5 2. Nf3 Nf6 3. c4 e6 4. Nc3 c6 5. cxd5 exd5 6. Bg5 Be7 7. e3 Bf5 8. Bd3 Bxd3 9. Qxd3 Nbd7 10. O-O O-O 11. Bxf6 Nxf6 12. Rab1 a5 13. a3 Bd6 14. Rfc1 Qe7 15. Nd2 Rfe8 16. Na4 g6 17. Nc5 h5 18. b4 axb4 19. axb4 Bxh2+ 20. Kxh2 Ng4+ 21. Kg1 Qh4 22. Nf3 Qxf2+ 23. Kh1 Ra2 24. Qf1 Qg3 25. Ra1 Rf2 26. Qg1 Rxf3 0-1


[Site "https://www.chess.com"]

[Event "Titled Tuesday Blitz February 21 Early 2023"]
[White "Cuenca Jimenez, Jose Fernando"]
[Black "Ramirez Allo, Eduardo"]
[WhiteFideId "2255570"]
[BlackFideId "2224178"]
[WhiteElo "2535"]
[BlackElo "2274"]
[Result "1-0"]
[Round "08"]
[TimeControl "180+2"]
[Date "2023.02.21"]
[WhiteClock "0:00:14"]
[BlackClock "0:00:04"]

1. e4 c5 2. Nf3 d6 3. Bb5+ Nd7 4. O-O a6 5. Bd3 Ngf6 6. c3 e6 7. Bc2 Be7 8. a4 O-O 9. d4 b6 10. Re1 Bb7 11. Nbd2 cxd4 12. cxd4 Rc8 13. Nf1 Qc7 14. Bd3 Qb8 15. Ng3 Rfd8 16. Bd2 Nf8 17. Qb3 N6d7 18. Rad1 Qa8 19. h4 h6 20. h5 Nh7 21. Qa2 Rc7 22. b4 Rdc8 23. Qb3 Nhf6 24. Qb2 d5 25. e5 Ne4 26. Bf4 a5 27. b5 Bb4 28. Rf1 Qb8 29. Rc1 Bc3 30. Qb1 Nf8 31. Nxe4 dxe4 32. Bxe4 Bxe4 33. Qxe4 Rc4 34. Rc2 Rxa4 35. Rfc1 Rac4 36. Qd3 Qc7 37. Bd2 Bxd2 38. Rxc4 Bxc1 39. Rxc7 Rxc7 40. Qb3 Nh7 41. d5 exd5 42. Qxd5 Ng5 43. Qd8+ Kh7 44. Nxg5+ Bxg5 45. Qxc7 a4 46. Qxb6 a3 47. Qa6 Be7 48. b6 a2 49. Qxa2 1-0


[Site "https://www.chess.com"]

[Event "Titled Tuesday Blitz February 21 Early 2023"]
[White "Balabayeva, Xeniya"]
[Black "Aydincelebi, Kagan"]
[WhiteFideId "13719688"]
[BlackFideId "6361102"]
[WhiteElo "2191"]
[BlackElo "2280"]
[Result "1-0"]
[Round "08"]
[TimeControl "180+2"]
[Date "2023.02.21"]
[WhiteClock "0:00:05"]
[BlackClock "0:00:20"]

1. e4 c5 2. Nf3 Nc6 3. Bb5 g6 4. O-O Bg7 5. Re1 e5 6. Nc3 Nge7 7. Nd5 O-O 8. c3 d6 9. Nxe7+ Qxe7 10. Bc4 h6 11. b3 Kh7 12. Bb2 f5 13. Bd5 fxe4 14. Bxe4 Be6 15. c4 Rf6 16. d3 Raf8 17. Qd2 Bf5 18. Bd5 Qd7 19. Re3 Ne7 20. Be4 b5 21. Rae1 b4 22. Nh4 Bxe4 23. dxe4 Rxf2 24. Qxf2 Rxf2 25. Kxf2 Nc6 26. Rg3 Ne7 27. Kg1 Bf6 28. Nf3 Nc6 29. Rf1 Qe7 30. h3 Nd4 31. Nxd4 exd4 32. Rgf3 Qxe4 33. Rxf6 Qc2 34. Rf7+ Kg8 35. Rf8+ Kg7 36. R1f7# 1-0


[Site "https://www.chess.com"]

[Event "Titled Tuesday Blitz February 21 Early 2023"]
[White "Goroshkov, Maksym"]
[Black "Martic, Ivan"]
[WhiteFideId "14142716"]
[BlackFideId "929301"]
[WhiteElo "2287"]
[BlackElo "2301"]
[Result "0-1"]
[Round "08"]
[TimeControl "180+2"]
[Date "2023.02.21"]
[WhiteClock "0:01:43"]
[BlackClock "0:00:29"]

1. e4 d6 2. d4 Nf6 3. Bd3 g6 4. c4 Bg7 5. Nc3 O-O 6. Nge2 Nc6 7. O-O Nh5 8. Be3 e5 9. d5 Ne7 10. f3 f5 11. Qd2 f4 12. Bf2 g5 13. h3 Rf6 14. c5 Rg6 15. Rac1 Nf6 16. Nb5 h5 17. cxd6 cxd6 18. Nc7 g4 19. hxg4 hxg4 20. fxg4 Bxg4 21. Nxa8 Qxa8 22. Nxf4 exf4 23. e5 Nf5 24. exf6 Bf3 25. g3 Rh6 26. Bd4 Rh1+ 27. Kf2 Rh2+ 28. Kxf3 Nxd4+ 29. Ke4 Qe8+ 30. Kxd4 Bxf6+ 31. Kc4 Qa4+ 32. b4 b5# 0-1


[Site "https://www.chess.com"]

[Event "Titled Tuesday Blitz February 21 Early 2023"]
[White "Al-Tarboush, Ward"]
[Black "Bon, Michael"]
[WhiteFideId "7601450"]
[BlackFideId "620696"]
[WhiteElo "2256"]
[BlackElo "2394"]
[Result "0-1"]
[Round "08"]
[TimeControl "180+2"]
[Date "2023.02.21"]
[WhiteClock "0:02:16"]
[BlackClock "0:01:39"]

1. e4 c5 2. Nf3 d6 3. d4 cxd4 4. Nxd4 Nf6 5. Nc3 Nc6 6. Bg5 e6 7. Qd2 a6 8. O-O-O Bd7 9. f4 h6 10. Bh4 Be7 11. Nf3 Rc8 12. Bxf6 Bxf6 13. Qxd6 Be7 14. Qd2 Qc7 15. Bc4 b5 16. Bb3 Na5 17. Kb1 Nc4 18. Bxc4 bxc4 19. Ne5 Bc6 20. Nxc6 Qxc6 21. Nd5 exd5 22. exd5 Qd6 23. Rhe1 O-O 24. Qd4 Bf6 25. Re5 c3 26. g4 cxb2 27. g5 hxg5 0-1


[Site "https://www.chess.com"]

[Event "Titled Tuesday Blitz February 21 Early 2023"]
[White "Abdilkhair, Abilmansur"]
[Black "Pajeken, Jakob Leon"]
[WhiteFideId "13716417"]
[BlackFideId "12942839"]
[WhiteElo "2268"]
[BlackElo "2417"]
[Result "1-0"]
[Round "08"]
[TimeControl "180+2"]
[Date "2023.02.21"]
[WhiteClock "0:00:11"]
[BlackClock "0:01:18"]

1. d4 d5 2. c4 dxc4 3. e3 Nf6 4. Bxc4 e6 5. Nf3 c5 6. O-O Nc6 7. dxc5 Qc7 8. Nc3 Bxc5 9. Qe2 a6 10. e4 Ng4 11. g3 h5 12. Bf4 e5 13. Nd5 Qd8 14. Bg5 f6 15. Be3 Bxe3 16. Nxe3 Nd4 17. Nxd4 Qxd4 18. Nf5 Bxf5 19. exf5 O-O-O 20. Rfd1 Qc5 21. Rxd8+ Rxd8 22. h3 Nh6 23. Rc1 Kb8 24. Rc3 Nxf5 25. Bxa6 Nd4 26. Rxc5 Nxe2+ 27. Bxe2 Rd2 28. Bxh5 Rxb2 29. Ra5 Kc7 30. Bf7 Kb6 31. Ra4 Kc5 32. Bb3 b5 33. Ra7 Kb4 34. Rxg7 Kc3 35. Rf7 b4 36. Rxf6 Kd3 37. h4 Ke4 38. h5 Rd2 39. h6 Rd7 40. Kg2 1-0


[Site "https://www.chess.com"]

[Event "Titled Tuesday Blitz February 21 Early 2023"]
[White "Maksimenko, Viktor"]
[Black "Silva, Pedro Gil Ferreira Da"]
[WhiteFideId "13710478"]
[BlackFideId "1946102"]
[WhiteElo "2196"]
[BlackElo "2227"]
[Result "1-0"]
[Round "08"]
[TimeControl "180+2"]
[Date "2023.02.21"]
[WhiteClock "0:00:14"]
[BlackClock "0:00:11"]

1. d4 Nf6 2. c4 e6 3. Nf3 Bb4+ 4. Bd2 c5 5. Bxb4 cxb4 6. e3 O-O 7. Bd3 d6 8. O-O Nc6 9. a3 e5 10. Qc2 Re8 11. Nbd2 Qe7 12. d5 Nb8 13. Ng5 h6 14. Nge4 bxa3 15. Nxf6+ Qxf6 16. b4 Na6 17. Ne4 Qe7 18. Rfb1 Bf5 19. Rxa3 Bxe4 20. Bxe4 Rac8 21. Qa2 Qc7 22. Bd3 e4 23. Bf1 Qb6 24. Ra4 Re7 25. h3 Qc7 26. Qa3 Re5 27. Ra5 Qe7 28. Qc3 Nc7 29. Qd4 a6 30. Ra2 b5 31. Rc1 Nxd5 32. c5 dxc5 33. bxc5 Nf6 34. c6 Rd5 35. Qb6 Rd6 36. Rxa6 Qe5 37. Qxb5 Qe6 38. Qc4 Nd5 39. Qb3 Qf6 40. Ra7 Rdxc6 41. Rd1 Ne7 42. Rdd7 Re6 43. Qb7 Re8 44. Bb5 g6 45. Rd4 Rf8 46. Rxe4 Rxe4 47. Qxe4 Nf5 48. Bc4 Nd6 49. Qd5 Nxc4 50. Qxc4 Qd6 51. Qe2 Kg7 52. g3 h5 53. h4 Rb8 54. Qf3 Qf6 55. Qd5 Rb1+ 56. Kg2 Rb2 57. Qf3 Qxf3+ 58. Kxf3 Rb6 59. Ra4 Rf6+ 60. Rf4 Rb6 61. Ke4 Rb4+ 62. Ke5 Rb2 63. Kd6 Rb6+ 64. Kd5 Rb5+ 65. Kc4 Rb2 66. e4 Rb7 67. Kd5 Rb5+ 68. Kc6 Rb2 69. e5 Rc2+ 70. Kd6 Ra2 71. Kd5 Ra5+ 72. Kd4 Ra4+ 73. Ke3 Ra3+ 74. Ke2 Rb3 75. Rd4 Rb5 76. Re4 Rb6 77. Ke3 Rb3+ 78. Kf4 Rb2 79. f3 Rb6 80. Rc4 Ra6 81. g4 hxg4 82. Kxg4 Rb6 83. h5 gxh5+ 84. Kxh5 Rb3 85. f4 Rb6 86. Kg4 Rg6+ 87. Kf5 Ra6 88. Rc2 Rb6 89. Rc7 Ra6 90. Re7 Rb6 91. e6 Rb5+ 92. Kg4 Kf6 93. Rxf7+ Kxe6 94. Rf8 Ke7 95. Rf5 Rb6 96. Kg5 Ra6 97. Kh5 Rb6 98. Kg4 Ra6 99. Rh5 Kf7 100. Rh7+ Kg8 101. Rb7 Kf8 102. Kg5 Kg8 103. Rd7 Kf8 104. Rd5 Kg8 105. Rf5 Kg7 106. Re5 Kf7 107. Rb5 Kf8 108. Rb7 Kg8 109. Rc7 Kf8 110. Rc5 Kg7 111. Rd5 Kf7 112. Re5 Kf8 113. f5 Kg8 114. Re6 Rxe6 115. fxe6 Kg7 116. Kf5 Kg8 117. Kg6 Kf8 118. Kf6 Ke8 119. e7 Kd7 120. Kf7 1-0


[Site "https://www.chess.com"]

[Event "Titled Tuesday Blitz February 21 Early 2023"]
[White "Danielyan, Vahe"]
[Black "UNSTOPPABLE_LEGEND"]
[WhiteFideId "13304828"]
[WhiteElo "2346"]
[BlackElo "2437"]
[Result "0-1"]
[Round "08"]
[TimeControl "180+2"]
[Date "2023.02.21"]
[WhiteClock "0:02:07"]
[BlackClock "0:02:31"]

1. c4 c5 2. b3 Nc6 3. Bb2 e5 4. e3 Nf6 5. Ne2 d5 6. cxd5 Nxd5 7. Nbc3 Be7 8. Nxd5 Qxd5 9. Nc3 Qd8 10. Be2 O-O 11. O-O Be6 12. d3 Rc8 13. Rc1 Qd7 14. Ne4 b6 15. Qc2 Rfd8 16. Rfd1 f5 17. Ng3 Bf6 18. a3 Na5 19. Rd2 Nxb3 0-1


[Site "https://www.chess.com"]

[Event "Titled Tuesday Blitz February 21 Early 2023"]
[White "Ismagilov, Damir"]
[Black "Andrews, Todd"]
[WhiteFideId "34199982"]
[BlackFideId "2012456"]
[WhiteElo "2156"]
[BlackElo "2220"]
[Result "0-1"]
[Round "08"]
[TimeControl "180+2"]
[Date "2023.02.21"]
[WhiteClock "0:00:14"]
[BlackClock "0:00:10"]

1. e4 e6 2. d4 d5 3. Nd2 Nc6 4. c3 e5 5. Bb5 exd4 6. cxd4 Bd7 7. Bxc6 Bxc6 8. e5 Qd7 9. Ngf3 O-O-O 10. Nb3 h6 11. O-O Kb8 12. Bf4 g5 13. Bg3 Re8 14. Rc1 Re6 15. Ne1 Bb5 16. Nd3 h5 17. Ndc5 Bxc5 18. Nxc5 Qe8 19. Nxe6 fxe6 20. Qc2 c6 21. f4 Bxf1 22. Rxf1 h4 23. Be1 h3 24. Bb4 hxg2 25. Qxg2 gxf4 26. Rxf4 Nh6 27. Kh1 Nf5 28. a3 Qh5 29. Rg4 Qh7 30. Bc5 Ne3 31. Bd6+ Ka8 32. Rg7 Nxg2 33. Rxh7 Rxh7 34. Kxg2 b6 35. Kg3 Kb7 36. h4 Kc8 37. Kg4 Kd7 38. Kg5 Ke8 39. h5 Kf7 40. h6 Rh8 41. Kh5 a6 42. Bb4 a5 43. Bd2 a4 44. Be3 Rc8 45. h7 Kg7 46. Kg5 Rf8 47. Bf4 Rf5+ 48. Kg4 Kxh7 49. Bg5 Kg6 50. Bd8 b5 51. Ba5 c5 52. dxc5 Rf8 53. c6 Rc8 54. c7 Kf7 55. Kg5 Ke7 56. Kg6 Rg8+ 57. Kh7 Rc8 58. Kg7 Ra8 59. Bb4+ Kd7 60. Kf7 Rc8 61. Bd6 d4 62. Bb4 d3 63. Kf6 Rxc7 64. Bd2 Rc2 65. Bb4 d2 0-1


[Site "https://www.chess.com"]

[Event "Titled Tuesday Blitz February 21 Early 2023"]
[White "Jovic, Stanoje"]
[Black "Maltsevskaya, Aleksandra"]
[WhiteFideId "905020"]
[BlackFideId "24174041"]
[WhiteElo "2075"]
[BlackElo "2390"]
[Result "0-1"]
[Round "08"]
[TimeControl "180+2"]
[Date "2023.02.21"]
[WhiteClock "0:00:10"]
[BlackClock "0:00:17"]

1. c4 Nf6 2. g3 g6 3. Bg2 Bg7 4. Nc3 O-O 5. Nf3 d6 6. O-O Nbd7 7. Rb1 e5 8. b4 a5 9. b5 e4 10. Ng5 Nb6 11. c5 dxc5 12. Ngxe4 Nxe4 13. Nxe4 Be6 14. Nxc5 Bxa2 15. Nxb7 Qe7 16. Rb2 Bd5 17. Bxd5 Nxd5 18. d4 a4 19. Nc5 a3 20. Rd2 Nc3 21. Qc2 Bxd4 22. Nb3 Bf6 23. e3 Qe4 24. Qxe4 Nxe4 25. Ra2 Be7 26. Nd4 Ra4 27. f3 Nc3 28. Rc2 Nd5 29. Kf2 Rfa8 30. Bd2 Bf6 31. Ra1 Rxd4 32. Raa2 Rd3 33. e4 Nc3 34. Bxc3 Rxc3 35. Re2 Rb3 36. e5 Be7 37. f4 Rxb5 38. h4 Bc5+ 39. Kf3 Bd4 40. h5 Rb2 41. hxg6 hxg6 42. e6 Rxe2 43. exf7+ Kxf7 44. Kxe2 Bb2 45. Kd3 Ra4 46. Ke3 Rc4 0-1


[Site "https://www.chess.com"]

[Event "Titled Tuesday Blitz February 21 Early 2023"]
[White "Babikov, Ivan"]
[Black "Ordekalog"]
[WhiteFideId "4161106"]
[WhiteElo "2239"]
[BlackElo "2560"]
[Result "0-1"]
[Round "08"]
[TimeControl "180+2"]
[Date "2023.02.21"]
[WhiteClock "0:00:14"]
[BlackClock "0:00:14"]

1. Nf3 d5 2. g3 c5 3. Bg2 Nc6 4. d4 Nf6 5. O-O cxd4 6. Nxd4 Na5 7. Nc3 e5 8. Ndb5 a6 9. Na3 Be6 10. Bg5 d4 11. Ne4 Rc8 12. Nxf6+ gxf6 13. Bd2 Nc6 14. c3 Qd7 15. Nc2 d3 16. exd3 Qxd3 17. Be3 Qf5 18. Qe2 h5 19. h4 Be7 20. Rad1 Qg4 21. Bf3 Qc4 22. Qxc4 Bxc4 23. Rfe1 Bxa2 24. Bd5 Bxd5 25. Rxd5 Rd8 26. Red1 Rxd5 27. Rxd5 Bf8 28. Bb6 Ke7 29. Ne3 Ke6 30. Rd1 Bh6 31. Nd5 Rc8 32. Nc7+ Kf5 33. Rd7 Bc1 34. b3 Kg6 35. Nd5 Rb8 36. c4 Bb2 37. Rd6 e4 38. Bc7 Re8 39. Nf4+ Kf5 40. Rd5+ Be5 41. Nxh5 Rg8 42. Nf4 Nb4 43. Ra5 Nc6 44. Rd5 Ne7 45. Ra5 Rc8 46. Bxe5 fxe5 47. Ne2 Nc6 48. Rc5 Ke6 49. Nc3 b6 50. Rd5 Nb4 51. Rd1 f5 52. Kg2 Nd3 53. Nd5 b5 54. Nb6 Rc6 55. Nd5 bxc4 56. bxc4 Rxc4 57. Ne3 Rb4 58. h5 Rb2 59. h6 Nxf2 60. Rc1 Nd3+ 61. Rc2 Rxc2+ 62. Nxc2 Kf6 63. Ne3 f4 64. Nd5+ Kg6 65. h7 Kxh7 66. Nf6+ Kg6 67. Nxe4 Kf5 68. Nd6+ Ke6 69. Nc4 fxg3 70. Kxg3 Nf4 71. Kf3 Nd5 72. Ke4 Nf6+ 73. Ke3 Kd5 74. Nb6+ Kc5 75. Na4+ Kb5 76. Nc3+ Kc6 77. Na4 Nd5+ 78. Ke4 Kd6 79. Nb2 Nc3+ 80. Kd3 Nb5 81. Ke4 Ke6 82. Nc4 Nd6+ 83. Nxd6 Kxd6 84. Kf5 Kd5 85. Kf6 e4 86. Kg7 e3 87. Kh8 e2 88. Kg8 e1=Q 89. Kg7 Qf1 90. Kh7 Ke6 91. Kg8 Ke7 92. Kh8 Kf7 93. Kh7 Qh1# 0-1


[Site "https://www.chess.com"]

[Event "Titled Tuesday Blitz February 21 Early 2023"]
[White "Pourkashiyan, Atousa"]
[Black "Martynov, Pavel"]
[WhiteFideId "12502014"]
[BlackFideId "4101260"]
[WhiteElo "2282"]
[BlackElo "2414"]
[Result "0-1"]
[Round "08"]
[TimeControl "180+2"]
[Date "2023.02.21"]
[WhiteClock "0:00:01"]
[BlackClock "0:01:03"]

1. e4 c5 2. Nf3 e6 3. d4 cxd4 4. Nxd4 Nc6 5. Nc3 Qc7 6. Be2 a6 7. O-O Nf6 8. Be3 Bb4 9. Na4 O-O 10. c4 Bd6 11. g3 Nxe4 12. Bf3 f5 13. Bxe4 fxe4 14. c5 Be7 15. Rc1 Ne5 16. Qc2 Nd3 17. Rcd1 d5 18. cxd6 Qxc2 19. Nxc2 Bxd6 20. Nb6 Rb8 21. Nc4 Bc7 22. Nd2 e5 23. Nxe4 Nxb2 24. Bc5 Re8 25. Nd6 Rd8 26. Rd2 Bh3 27. Rb1 Na4 28. Ne3 Nxc5 29. Ndc4 b5 30. Rxd8+ Rxd8 0-1


[Site "https://www.chess.com"]